 Dungeon Crawl Stone Soup version 0.27.1-34-g3ba077fa99 (webtiles) character file.

Game seed: 515439166724838394

92 mcbry74 the Poker (level 4, -1/33 HPs)
             Began as a Merfolk Gladiator on Jan 27, 2022.
             Slain by an orc priest (2 damage)
             ... on level 2 of the Dungeon.
             The game lasted 00:06:59 (1822 turns).

mcbry74 the Poker (Merfolk Gladiator)               Turns: 1822, Time: 00:07:00

Health: -1/33      AC:  5    Str: 14    XL:     4   Next: 60%
Magic:  4/4        EV: 17    Int:  8    God:
Gold:   73         SH:  0    Dex: 15    Spells: 3/3 levels left

rFire    . . .     SeeInvis .   a - +0 trident
rCold    . . .     Faith    .   (no shield)
rNeg     . . .     Spirit   .   b - +0 leather armour
rPois    .         Reflect  .   c - +0 helmet
rElec    .         Harm     .   (no cloak)
rCorr    .         Rampage  .   (no gloves)
Will     .....                  f - +0 pair of boots
Stlth    +.........             (no amulet)
HPRegen  0.11/turn              m - ring of wizardry
MPRegen  0.09/turn              q - +4 ring of evasion

@: no status effects
A: (nimble swimmer 2), mertail
a: no special abilities


You were on level 2 of the Dungeon.
You visited 1 branch of the dungeon, and saw 3 of its levels.

You collected 73 gold pieces.

Inventory:

Hand Weapons
 a - a +0 trident (weapon)
Missiles
 d - 3 throwing nets
 l - 13 sling bullets
 n - 23 stones
 o - 4 atropa-tipped darts (quivered)
 p - 5 boomerangs
Armour
 b - a +0 leather armour (worn)
 c - a +0 helmet (worn)
 f - a +0 pair of boots (worn)
 g - a +0 kite shield
Jewellery
 m - a ring of wizardry (left hand)
 q - a +4 ring of evasion (right hand)
Scrolls
 e - 2 scrolls of identify {unknown}
 h - a scroll of enchant armour {unknown}
 i - a scroll of noise {unknown}
Potions
 j - a potion of degeneration {unknown}
 k - a potion of brilliance {unknown}


   Skills:
 - Level 2.1 Fighting
 * Level 6.7 Polearms
 + Level 3.0 Throwing
 - Level 4.0 Dodging


You had 3 spell levels left.
You didn't know any spells.
Your spell library contained the following spells:

 Spells                   Type           Power      Damage    Failure   Level
 Pain                     Necr           0%         1d4       22%         1
 Agony                    Necr           0%         N/A       99%         5
 Excruciating Wounds      Necr           0%         N/A       99%         5


Dungeon Overview and Level Annotations

Branches:
Dungeon (3/15)

Altars:
Kikubaaqudgha

Annotations:
D:2 Sigmund


Innate Abilities, Weirdness & Mutations

((You are quick and stealthy near water. (Stealth+, EV+, Speed+++)))
Your lower body shifts to a powerful aquatic tail in water.


Message History

The orc closely misses you. The orc hits you with a +0 flail!
The orc priest hits you with a +0 whip. The orc completely misses you.
The giant cockroach bites you but does no damage.
You closely miss the orc priest.
The orc priest is heavily wounded.
The orc barely misses you. The orc hits you with a +0 flail.
The giant cockroach bites you but does no damage.
The orc priest hits you but does no damage.
The orc completely misses you.
You barely miss the orc priest.
The orc priest is heavily wounded.
The giant cockroach bites you. The orc misses you. The orc barely misses you.
The orc priest misses you. The orc misses you.
You barely miss the orc priest.
The orc priest is heavily wounded.
The giant cockroach bites you.
* * * LOW HITPOINT WARNING * * *
The orc closely misses you. The orc hits you with a +0 flail.
* * * LOW HITPOINT WARNING * * *
The orc priest misses you. The orc closely misses you.
The giant cockroach bites you.
* * * LOW HITPOINT WARNING * * *
The orc closely misses you. The orc completely misses you.
The orc priest misses you. The orc hits you but does no damage.
The giant cockroach bites you but does no damage.
You climb upwards.
Level annotation: Sigmund
There is a stone staircase leading down here.
The orc misses you. The orc priest barely misses you.
The orc hits you with a +0 mace.
* * * LOW HITPOINT WARNING * * *
The orc completely misses you.
You hit the orc priest.
The orc priest is almost dead.
The orc closely misses you. The orc priest hits you with a +0 whip.
* * * LOW HITPOINT WARNING * * *
You barely miss the orc priest.
The orc priest is almost dead.
The orc completely misses you. The orc priest hits you with a +0 whip.
You die...

.....###......#....#
####.##............########
.###.##.!.._..##..........#
.....................#.####
###..................#.######
#..##....##........)....†.#
#..###.####....o...#.######
#..###.####...oo.B.#.#
###........)....@##.##.#
....####.###.....o..##.#
....####.# #.###.##.####
.........###.###....#
................###.#
..)..........##.# #.#
.............##.###.#
...÷................#
..............#.<...#


You could see an orc priest, 3 orcs and a giant cockroach.

Vanquished Creatures
  4 adders (D:2)
  2 worms (D:2)
  An orc (D:3)
  5 bats
  3 endoplasms
  2 giant cockroaches (D:2)
  3 hobgoblins
  5 jackals (D:1)
  4 kobolds
  A quokka (D:1)
  8 ball pythons
  4 frilled lizards
  2 goblins (D:2)
  5 rats
49 creatures vanquished.

Vanquished Creatures (others)
  12 plants (D:2)
12 creatures vanquished.

Grand Total: 61 creatures vanquished

Notes
Turn   | Place    | Note
-------+----------+-------------------------------------------
     0 | D:1      | mcbry74 the Merfolk Gladiator began the quest for the Orb.
     0 | D:1      | Reached XP level 1. HP: 16/16 MP: 1/1
    77 | D:1      | Reached skill level 5 in Polearms
    77 | D:1      | Reached XP level 2. HP: 22/22 MP: 2/2
   469 | D:1      | Reached XP level 3. HP: 15/27 MP: 3/3
   762 | D:1      | Found a faded altar of an unknown god.
   960 | D:2      | Reached skill level 6 in Polearms
  1073 | D:2      | Found an ancient bone altar of Kikubaaqudgha.
  1088 | D:2      | Reached XP level 4. HP: 32/33 MP: 4/4
  1103 | D:2      | Noticed Sigmund
  1821 | D:2      | HP: 1/33 [orc priest (2)]
  1822 | D:2      | Slain by an orc priest

Illustrated notes

Levels and vault maps discovered:
D:1:      wander_arrival_abandoned_jail, layout_rooms,
          shapermc_ecumenical_altar_mp_urbaneastern, minmay_misc_feat_chi
D:2:      layout_basic, basic_altar, serial_bayou_lagoon_b, uniq_sigmund
D:3:      layout_rooms

Skill      XL: |  1  2  3  4 |
---------------+-------------+-----
Polearms       | 5 6 |  6.7
Throwing       | 3 |  3.0
Fighting       | |  2.1
Dodging        | |  4.0

Action                   |  1- 3 |  4- 6 || total
-------------------------+-------+-------++-------
Melee: Trident           |   108 |    57 ||   165
Throw: Throwing net      |     1 |       ||     1
 Stab: Sleeping          |     1 |     1 ||     2
Armor: Leather armour    |    41 |    15 ||    56
Dodge: Dodged            |    74 |    46 ||   120
